 Dungeon Crawl Stone Soup version bcrawl-1.21.3 (webtiles) character file.

Game seed: 14787578289391932812

38 Flugslaktarn the Sneak (level 3, 0/23 HPs)
             Began as a Skeleton Archaeologist on Mar 30, 2020.
             Slain by Terence
             ... wielding a +3 mace of holy wrath
              (9 damage)
             ... on level 2 of the Dungeon.
             The game lasted 00:00:33 (1717 turns).

Flugslaktarn the Sneak (Skeleton Archaeologist)     Turns: 1717, Time: 00:00:34

Health: 0/23       AC:  6    Str: 16 (18) XL:     3   Next: 25%
Magic:  0/3        EV: 12    Int: 11 (12) God:
Gold:   77         SH:  0    Dex:  6 (7)  Spells: 2/2 levels left

rFire    . . .     SeeInvis .   a - +0 whip
rCold    + . .     Gourm    .   (no shield)
rNeg     + + +     Faith    .   b - +1 robe rPois โˆž Spirit +
                                c - +1 hat
rElec    .         Reflect  .   (no cloak)
rCorr    .         Harm     .   (no gloves)
MR       .....                  d - +1 pair of boots
Stlth    ++........             (no amulet)
HPRegen  0.07/turn              (no ring)
MPRegen  0.08/turn              (no ring)

@: no status effects
A: no food or potions, cold resistance 1, deterioration 1, negative energy
resistance 3, torment resistance, unbreathing, magic shield, sturdy frame 1,
spell healing
a: no special abilities


You were on level 2 of the Dungeon.
You were not hungry.

You visited 1 branch of the dungeon, and saw 2 of its levels.

You collected 77 gold pieces.

Inventory:

Hand Weapons
 a - a +0 whip (weapon)
Armour
 b - a +1 robe (worn)
 c - a +1 hat (worn)
 d - a +1 pair of boots (worn)
Jewellery
 i - an uncursed ring of resist corrosion {unknown}
   (You found it on level 2 of the Dungeon)
Scrolls
 e - a scroll of magic mapping
 g - a scroll of amnesia {unknown}
 h - a scroll of enchant armour {unknown}
 j - a scroll of identify {unknown}
Miscellaneous
 f - a dusty tome


   Skills:
 + Level 3.2 Fighting
 - Level 1.2 Maces & Flails
 - Level 3.0 Dodging
 - Level 3.6 Stealth


You had 2 spell levels left.
You didn't know any spells.
Your spell library was empty.

Dungeon Overview and Level Annotations

Branches:
Dungeon (2/12)

Altars:

Annotations:
D:2 Terence


Innate Abilities, Weirdness & Mutations

You do not eat or drink.
You are immune to poison.
Your flesh is cold resistant. (rC+)
Your body sometimes deteriorates upon taking damage.
You are immune to negative energy. (rN+++)
You are immune to unholy pain and torment.
You can survive without breathing.
When hurt, damage is shared between your health and your magic reserves.
Your movements are slightly less encumbered by armour. (ER -2)
Casting spells heals you.


Message History

You open the gate.
There is an open gate here.
You now have 77 gold pieces (gained 6).
j - a scroll labeled YSETWE XOTE Terence the Incautious comes into view.
He is wielding a +3 mace of holy wrath.
The helpless Terence fails to defend himself.
You hit Terence.
Terence is moderately wounded.
Terence hits you with a +3 mace of holy wrath.
Your body deteriorates!
You feel dopey.
You convulse.
You barely miss Terence.
Terence is moderately wounded.
Terence hits you but does no damage.
You hit Terence but do no damage.
Terence is moderately wounded.
Terence hits you with a +3 mace of holy wrath!
Your body deteriorates!
You feel weakened.
You convulse!
You die...

## #####+########## .
................
#.#.##.....@..#
#.#.#.....@...#
#...#.#..###+####.#
#.................#
#.....#..###......#
#?....#..# #####.#
#........# .# ####'''###
######.## ##.......###.
.....#
##..โ‰ˆยง..โ‰ˆ..##.##....#


You could see Terence.

Vanquished Creatures
  2 oozes (D:1)
  A worm (D:1)
  3 leopard geckos (D:1)
  3 bats (D:1)
  3 goblins
  4 hobgoblins
  2 kobolds (D:1)
  A ball python (D:1)
  2 frilled lizards (D:1)
  2 rats
23 creatures vanquished.

Notes
Turn   | Place    | Note
-------+----------+-------------------------------------------
     0 | D:1      | Flugslaktarn the Skeleton Archaeologist began the quest for
                  | the Orb.
     0 | D:1      | Reached XP level 1. HP: 12/12 MP: 1/1
   277 | D:1      | Reached XP level 2. HP: 17/17 MP: 2/2
  1000 | D:1      | Reached XP level 3. HP: 18/23 MP: 3/3
  1708 | D:2      | Noticed Terence
  1717 | D:2      | Slain by Terence

Skill      XL: |  1  2 |
---------------+-------+-----
Fighting       | 2 3 |  3.2
Maces & Flails | |  1.2
Dodging        | |  3.0
Stealth        | |  3.6

Action                   || total
-------------------------++-------
Melee: Whip              ||   110
 Stab: Sleeping          ||     6
Armor: Robe              ||    30
Dodge: Dodged            ||    72
